 Dungeon Crawl Stone Soup version 0.22-a0-406-g9ff8d77 (webtiles) character file.

53814 dstrtnsr the Pandemonic (level 14, -17/130 HPs)
             Began as a Deep Dwarf Fighter on May 8, 2018.
             Was a High Priest of Makhleb.
             Demolished by a very large slime creature (37 damage)
             ... on level 15 of the Dungeon.
             The game lasted 00:19:33 (11331 turns).

dstrtnsr the Pandemonic (Deep Dwarf Fighter)       Turns: 11331, Time: 00:19:33

Health: -17/130    AC: 18    Str: 28    XL:     14   Next: 32%
Magic:  16/16      EV: 11    Int:  9    God:    Makhleb [*****.]
Gold:   1048       SH: 13    Dex: 12    Spells: 13/13 levels left

rFire    . . .     SeeInvis .   m - +5 broad axe (elec)
rCold    . . .     Gourm    .   c - +0 shield
rNeg     + . .     Faith    .   j - +0 plate armour
rPois    .         Spirit   .   H - +1 hat {MR+}
rElec    .         Reflect  .   (no cloak)
rCorr    .         Harm     .   o - +1 pair of gloves {Str+3}
MR       +++..                  a - +1 pair of boots of Lethargy {Regen+}
Stlth    ..........             N - amulet of rage
HPRegen  0.00/turn              J - +3 ring of evasion
MPRegen  0.15/turn              (no ring)

@: non-regenerating, very slow
A: damage resistance, heal wounds, negative energy resistance 1, sense
surroundings 2, no regeneration
a: Heal Wounds, Minor Destruction, Lesser Servant of Makhleb, Major Destruction,
Greater Servant of Makhleb, Renounce Religion, Evoke Berserk Rage


You were on level 15 of the Dungeon.
You worshipped Makhleb.
Makhleb was extremely pleased with you.
You were not hungry.

You visited 3 branches of the dungeon, and saw 22 of its levels.

You collected 1048 gold pieces.

Inventory:

Hand Weapons
 m - a +5 broad axe of electrocution (weapon)
Armour
 a - the +1 pair of boots of Lethargy (worn) {Regen+}
   (You acquired it on level 5 of the Lair of Beasts)

   It increases your rate of regeneration.
 c - a +0 shield (worn)
 j - a +0 plate armour (worn)
 o - a +1 pair of gloves of strength (worn)
 H - a +1 hat of magic resistance (worn)
Jewellery
 J - a +3 ring of evasion (left hand)
 N - an amulet of rage (around neck)
Wands
 q - a wand of scattershot (3)
 E - a wand of enslavement (7)
 I - a wand of iceblast (4)
 M - a wand of polymorph (11)
 P - a wand of paralysis (34)
 V - a wand of digging (6)
Scrolls
 b - 8 scrolls of teleportation {!d}
 i - 3 scrolls of blinking
 l - 2 scrolls of fog
 n - 6 scrolls of remove curse {@r2}
 r - 4 scrolls of magic mapping
 s - a scroll of noise {unknown}
 u - 3 scrolls of fear
 w - 3 scrolls of amnesia {unknown}
 y - a scroll of torment {unknown}
 A - a scroll of silence {unknown}
 K - a scroll of enchant weapon
Potions
 d - 6 potions of might
 g - a potion of heal wounds {unknown}
 h - 7 potions of curing {@qq}
 k - 2 potions of berserk rage
 p - 3 potions of flight
 t - 2 potions of haste
 v - 2 potions of cancellation
 z - 2 potions of brilliance
 B - 2 potions of resistance {unknown}
 D - 3 potions of agility
 G - a potion of degeneration {unknown}
 L - 2 potions of mutation {unknown}
 O - a potion of invisibility {unknown}
Miscellaneous
 f - a lightning rod (4/4)
 C - a phantom mirror
Comestibles
 e - 30 rations {!d}
 x - 14 chunks of flesh


   Skills:
 + Level 9.9 Fighting
 * Level 15.2 Axes
 + Level 5.7 Armour
 - Level 4.0 Dodging
 + Level 11.5 Shields
 * Level 16.6 Invocations
 - Level 5.0 Evocations


You had 13 spell levels left.
You didn't know any spells.

Dungeon Overview and Level Annotations

Branches:
Dungeon (15/15)            Temple (1/1) D:4            Lair (6/6) D:8
 Shoals (0/4) Lair:4        Snake (0/4) Lair:4        Slime (0/5) Lair:6
    Orc (0/2) D:11         Vaults (0/5) D:14
 Depths: D:15

Altars:
Cheibriados
Dithmenos
Elyvilon
Fedhas
Gozag
Kikubaaqudgha
Makhleb
Okawaru
Ru
Sif Muna
Uskayaw
Vehumet
Wu Jian
Xom
Yredelemnul
The Shining One
Jiyva

Shops:
D:4 [

Annotations:
Lair:4 exclusion: 2 oklob plants


Innate Abilities, Weirdness & Mutations

You are resistant to damage.
You can heal yourself by infusing magical energy.
You resist negative energy. (rN+)
You passively map the area around you.
You do not regenerate.


Message History

The yaktaur shoots a bolt.
The bolt completely misses you.
You hear a shout! x2
A shadow imp comes into view.
You enter the shallow water.
Moving in this stuff is going to be slow.
The yaktaur shouts!
The yaktaur wields an uncursed arbalest.
The yaktaur shoots a bolt.
The bolt barely misses you.
You hear a splash.
The yaktaur unwields an uncursed arbalest.
You block the yaktaur's attack.
You see here a bolt.
You hit the yaktaur but do no damage. Lightning courses through the yaktaur!
The yaktaur is moderately wounded.
The yaktaur hits you!
The electric eel shoots out a bolt of lightning at you!
The bolt of electricity hits you!
Your unstable footing causes you to fumble your attack.
The yaktaur shoots a bolt.
The bolt hits you!
You hear a splash.
You block the yaktaur's attack.
The electric eel shoots out a bolt of lightning at you!
The bolt of electricity hits you!
The yaktaur wields an arbalest.
The yaktaur shoots a bolt.
The bolt hits you!!
The electric eel shoots out a bolt of lightning at you!
The bolt of electricity hits you!
Your unstable footing causes you to fumble your attack.
The slime creature quivers.
You block the yaktaur's attack.
The yaktaur shoots a bolt.
You block the bolt.
You hear a splash.
You barely miss the yaktaur.
The yaktaur is moderately wounded.
You miss the electric eel. You slash the electric eel!
The yaktaur closely misses you.
The slime creature quivers.
You slash the yaktaur!
The yaktaur is severely wounded.
You hit the electric eel. You slash the yaktaur!
Lightning courses through the yaktaur!
You kill the yaktaur!
Makhleb accepts your kill.
You feel better.
You hear a splash. x2
You slash the electric eel!
The electric eel shoots out a bolt of lightning at you!
The bolt of electricity hits you! x2
The bolt of electricity misses the electric eel.
The yaktaur unwields an uncursed arbalest.
The yaktaur hits you but does no damage.
Unknown command.
Unknown command.
Your unstable footing causes you to fumble your attack.
Unknown command.
Your unstable footing causes you to fumble your attack.
The yaktaur hits you but does no damage.
Unknown command.
Your unstable footing causes you to fumble your attack.
The slime creature quivers.
The yaktaur unwields an uncursed arbalest.
The yaktaur hits you but does no damage.
You block the shadow imp's attack. You block the yaktaur's attack.
Unknown command.
Your unstable footing causes you to fumble your attack.
The shadow imp hits you. You block the yaktaur's attack.
Unknown command.
Your unstable footing causes you to fumble your attack.
The yaktaur completely misses you.
Two slime creatures merge to form a large slime creature.
Two slime creatures merge to form a very large slime creature.
Your unstable footing causes you to fumble your attack.
You block the shadow imp's attack. The yaktaur closely misses you.
You block the yaktaur's attack.
The very large slime creature hits you!!!
* * * LOW HITPOINT WARNING * * *
You are too injured to fight recklessly!
Unknown command.
Unknown command.
Unknown command.
Your unstable footing causes you to fumble your attack.
You block the shadow imp's attack.
The yaktaur hits you but does no damage. x2
The yaktaur barely misses you.
The very large slime creature hits you!!
* * * LOW HITPOINT WARNING * * *
Unknown command.
You hit the yaktaur but do no damage. Lightning courses through the yaktaur!
The yaktaur is lightly wounded.
You closely miss the electric eel. You closely miss the shadow imp.
You completely miss the very large slime creature.
You slice the yaktaur!! You hit the yaktaur.
Lightning courses through the yaktaur!
You kill the yaktaur!
Makhleb accepts your kill.
You feel better. You block the shadow imp's attack.
The yaktaur hits you but does no damage.
The electric eel shoots out a bolt of lightning at you!
The bolt of electricity hits you!
* * * LOW HITPOINT WARNING * * *
The very large slime creature hits you!!!
You die...

..#.≈≈≈≈ *≈≈ ≈,* ,
..#≈c≈≈≈ ≈≈≈≈≈≈≈≈# # ,
..#.;≈ ≈≈≈≈≈≈≈≈≈≈# .#
....# ≈≈≈≈≈≈≈≈# .# ## *
....# ≈≈≈≈≈≈≈≈#..* #.#
...##.# *≈≈≈≈≈≈≈≈#. #.# ,
(.....# ≈≈≈≈≈≈≈≈. #.#*
((##### ≈≈≈≈≈;5;# #.#
(....# *#≈≈≈≈JJ@### ##.#
..9..#*####≈≈≈Jc)c.# ##.#
cJJ.^##.....≈≈≈....###(###
.cc.......J..≈≈....()....#
##(........###....()))...#
.....(.^...# #...........#
#.......?..# #........(..#
#..........# ##....#######
#..........# #....#


You could see a very large slime creature, 3 slime creatures, 2 yaktaurs, 2
electric eels and a shadow imp.

Vanquished Creatures
  3 two-headed ogres
  A centaur warrior (D:15)
  6 hydras
  2 dancing weapons (D:14)
  A death knight (D:13)
  4 skeletal warriors (D:14)
  An unseen horror (D:13)
  Pikel (D:7)
  A lindwurm (Lair:5)
  A wolf spider zombie (D:15)
  4 black mambas
  7 elephants
  A gargoyle (D:15)
  9 spiny frogs
  2 yaktaurs (D:15)
  2 rime drakes
  3 komodo dragons (Lair:6)
  8 trolls
  3 polar bears (Lair:6)
  7 hornets
  11 blink frogs
  A dream sheep (Lair:6)
  10 hippogriffs
  2 shadows
  9 spriggans (Lair:6)
  2 hogs (D:11)
  3 fire elementals
  18 yaks
  5 hungry ghosts
  2 basilisks
  A human (D:11)
  3 wyverns
  A steam dragon (D:11)
  6 vampire mosquitoes (D:13)
  A soldier ant (D:14)
  3 nagas (Lair:4)
  10 water moccasins
  2 hell hounds (D:12)
  9 porcupines
  2 black bears (Lair:6)
  5 orc warriors
  9 ice beasts
  A sky beast (D:8)
  An eye of draining (D:13)
  26 wolves
  3 boggarts (Lair:6)
  A phantom (D:11)
  5 ogres
  8 centaurs
  15 crocodiles
  22 bullfrogs
  A wyvern zombie (D:6)
  5 scorpions
  2 wyvern skeletons
  5 wights (D:11)
  4 howler monkeys
  2 centaur zombies
  5 crimson imps
  3 jellies
  A quasit (D:6)
  6 bullfrog zombies
  3 hounds
  10 orc wizards
  5 bullfrog skeletons
  7 orc priests
  3 centaur skeletons
  8 iguanas
  7 worker ants
  4 hell rats (Lair:4)
  2 howler monkey zombies
  2 worker ant zombies
  9 adders
  3 gnolls (D:4)
  3 shadow imps
  An adder skeleton (D:6)
  A dart slug (D:4)
  5 leopard geckos
  31 orcs
  2 bats
  3 giant cockroaches
  4 goblins
  A hobgoblin (D:1)
  6 jackals (D:11)
  2 quokkas
  A ball python zombie (D:6)
  A frilled lizard (D:4)
  2 kobolds (D:1)
  A leopard gecko zombie (D:6)
  8 rats
  7 fungi
  7 plants
447 creatures vanquished.

Vanquished Creatures (collateral kills)
  Gastronok (Lair:3)
  The ghost of Borgoz the Basher, a journeyman GrAK of Lugonu (Lair:4)
  Snorg (D:11)
  A hydra (D:13)
  A rakshasa (D:12)
  A manticore (D:11)
  2 elephants (Lair:6)
  A polar bear (Lair:6)
  A blink frog (Lair:2)
  3 spriggans (Lair:6)
  A yak (D:11)
  2 fire elementals (D:12)
  A vampire mosquito (D:13)
  A water moccasin (D:11)
  A black bear (Lair:6)
  A boggart (Lair:6)
  4 wolves (Lair:6)
  A bullfrog (D:12)
  A crimson imp (D:12)
  2 orcs
28 creatures vanquished.

Vanquished Creatures (others)
  A centaur (D:7)
  An orc priest (D:7)
  A worker ant (D:7)
  An orc wizard (D:7)
  A worker ant zombie (D:7)
  An orc (D:7)
  4 fungi
  11 plants
21 creatures vanquished.

Grand Total: 496 creatures vanquished

Notes
Turn   | Place    | Note
-------+----------+-------------------------------------------
     0 | D:1      | dstrtnsr the Deep Dwarf Fighter began the quest for the Orb.
     0 | D:1      | Reached XP level 1. HP: 20/20 MP: 1/1
   124 | D:1      | Reached XP level 2. HP: 25/27 MP: 2/2
   533 | D:3      | Reached XP level 3. HP: 27/33 MP: 3/3
   619 | D:3      | Found an ornate altar of the Wu Jian Council.
   688 | D:4      | Found a radiant altar of Vehumet.
   730 | D:4      | Found Videu's Armour Emporium.
   742 | D:4      | Reached XP level 4. HP: 35/42 MP: 4/4
   848 | D:4      | Found a staircase to the Ecumenical Temple.
   849 | D:4      | Noticed an ogre
   853 | D:4      | HP: 14/42 [ogre/giant spiked club (25)]
   871 | D:4      | HP: 15/42 [ogre/giant spiked club (10)]
   873 | D:4      | Killed an ogre
   873 | D:4      | Reached XP level 5. HP: 17/49 MP: 4/4
   880 | Temple   | Entered the Ecumenical Temple
  1018 | D:4      | Noticed an orc warrior
  1020 | D:4      | Noticed an orc warrior
  1042 | D:4      | Found a transporter.
  1042 | D:4      | Found a glowing golden altar of the Shining One.
  1047 | D:4      | Found a transporter.
  1096 | D:4      | HP: 16/49 [iguana (4)]
  1101 | D:4      | Reached XP level 6. HP: 41/57 MP: 3/3
  1101 | D:4      | HP: 22/57 [orc warrior/mace (11)]
  1116 | D:4      | HP: 18/57 [orc warrior/short sword (3)]
  1121 | D:4      | Killed an orc warrior
  1121 | D:4      | Reached skill level 5 in Axes
  1124 | D:4      | HP: 20/57 [orc warrior/short sword (6)]
  1130 | D:4      | HP: 15/57 [orc warrior/short sword (8)]
  1138 | D:4      | Killed an orc warrior
  1295 | D:5      | Entered Level 5 of the Dungeon
  1325 | D:5      | Found an iron altar of Okawaru.
  1325 | D:5      | Found a burning altar of Makhleb.
  1335 | D:5      | Became a worshipper of Makhleb the Destroyer
  1360 | D:5      | HP: 22/57 [ogre/giant club (7)]
  1362 | D:5      | HP: 8/57 [ogre/giant club (14)]
  1365 | D:5      | Reached skill level 5 in Armour
  1365 | D:5      | Reached XP level 7. HP: 37/64 MP: 3/3
  1382 | D:5      | Reached skill level 5 in Shields
  1480 | D:5      | Reached skill level 1 in Invocations
  1795 | D:6      | Reached skill level 1 in Evocations
  1802 | D:6      | Reached skill level 2 in Invocations
  1892 | D:6      | Reached skill level 3 in Invocations
  1902 | D:6      | Reached XP level 8. HP: 46/73 MP: 6/6
  1977 | D:6      | Reached * piety under Makhleb
  2022 | D:7      | Noticed Pikel
  2040 | D:7      | Killed Pikel
  2040 | D:7      | Reached skill level 4 in Invocations
  2070 | D:7      | Reached skill level 5 in Invocations
  2111 | D:7      | Found a white marble altar of Elyvilon.
  2261 | D:7      | Reached skill level 5 in Fighting
  2358 | D:7      | You fall through a shaft for 2 floors!
  2387 | D:9      | HP: 22/74 [ogre/giant club (11)]
  2397 | D:9      | HP: 25/74 [ogre/giant club (5)]
  2455 | D:9      | Noticed a troll
  2457 | D:9      | HP: 27/74 [troll (8)]
  2459 | D:9      | Killed a troll
  2459 | D:9      | Reached skill level 6 in Invocations
  2459 | D:9      | Gained mutation: You passively map the area around you. [Deep Dwarf growth]
  2459 | D:9      | Reached XP level 9. HP: 30/81 MP: 8/8
  2497 | D:9      | HP: 26/81 [wyvern (12)]
  2499 | D:9      | Noticed a troll
  2507 | D:9      | HP: 32/81 [troll (4)]
  2512 | D:9      | HP: 20/81 [troll (4)]
  2513 | D:9      | Killed a troll
  2542 | D:9      | Found a snail-covered altar of Cheibriados.
  2645 | D:9      | Reached skill level 7 in Invocations
  2797 | D:10     | Entered Level 10 of the Dungeon
  3044 | D:10     | Reached ** piety under Makhleb
  3045 | D:10     | Reached skill level 5 in Evocations
  3049 | D:10     | HP: 30/81 [orc warrior/flail (4)]
  3219 | D:10     | Reached skill level 8 in Invocations
  3479 | D:11     | Reached XP level 10. HP: 43/91 MP: 9/9
  3560 | D:11     | Reached skill level 9 in Invocations
  3781 | D:11     | Reached skill level 10 in Axes
  3825 | D:11     | HP: 36/92 [wight/enchanted spear (3)]
  3826 | D:11     | Reached *** piety under Makhleb
  3927 | D:11     | HP: 29/92 [iguana (8)]
  4032 | D:11     | Noticed a manticore
  4034 | D:11     | HP: 30/92 [manticore/volley of spikes (9)]
  4040 | D:11     | Killed a manticore
  4040 | D:11     | Reached skill level 10 in Invocations
  4054 | D:11     | Noticed Snorg
  4060 | D:11     | HP: 26/92 [Snorg (11)]
  4064 | D:11     | Killed Snorg
  4080 | D:11     | Found a staircase to the Orcish Mines.
  4218 | D:12     | Noticed a seven-headed hydra
  4223 | D:12     | Killed a seven-headed hydra
  4223 | D:12     | Reached XP level 11. HP: 59/99 MP: 10/12
  4300 | D:12     | HP: 35/99 [fire elemental[Azrael] (8)]
  4309 | D:12     | HP: 38/99 [fire elemental[Azrael] (6)]
  4331 | D:12     | Noticed Azrael
  4331 | D:12     | HP: 34/99 [Azrael/damnation (24)]
  4334 | D:12     | Noticed a two-headed ogre
  4337 | D:12     | HP: 32/99 [fire elemental[Azrael] (9)]
  4345 | D:12     | HP: 39/99 [hell hound[Azrael] (4)]
  4349 | D:12     | HP: 14/99 [hell hound/blast of flame[Azrael] (13)]
  4356 | D:12     | Noticed Azrael
  4356 | D:12     | Azrael changed into Azrael the rakshasa
  4364 | D:12     | Killed Azrael the rakshasa
  4364 | D:12     | Reached skill level 1 in Dodging
  4364 | D:12     | Reached skill level 11 in Invocations
  4370 | D:12     | Killed a two-headed ogre
  4514 | D:12     | HP: 38/100 [orc priest/nerve-wracking pain (10)]
  4590 | D:12     | HP: 34/100 [hippogriff (3)]
  4935 | D:8      | Found a staircase to the Lair.
  4954 | Lair:1   | Entered Level 1 of the Lair of Beasts
  4980 | Lair:1   | Found a frozen archway.
  4998 | Lair:1   | HP: 35/100 [ice beast (6)]
  5126 | Lair:1   | Reached **** piety under Makhleb
  5273 | Lair:1   | Reached skill level 12 in Invocations
  5440 | Lair:1   | HP: 27/100 [spiny frog (14)]
  5702 | Lair:2   | HP: 31/100 [spiny frog (17)]
  5712 | Lair:2   | HP: 38/100 [blink frog (10)]
  5830 | Lair:2   | HP: 40/100 [electric eel/bolt of electricity (5)]
  5831 | Lair:2   | Noticed a seven-headed hydra
  5843 | Lair:2   | Killed a seven-headed hydra
  5845 | Lair:2   | Noticed an eight-headed hydra
  5849 | Lair:2   | Killed an eight-headed hydra
  5849 | Lair:2   | Reached XP level 12. HP: 84/110 MP: 12/12
  6600 | Lair:3   | HP: 39/110 [rime drake/flash freeze (19)]
  6867 | Lair:3   | Noticed Gastronok
  6881 | Lair:3   | Killed Gastronok
  6881 | Lair:3   | Reached skill level 13 in Invocations
  7230 | Lair:4   | Found a staircase to the Shoals.
  7335 | Lair:4   | HP: 42/111 [spiny frog (3)]
  7451 | Lair:4   | Noticed Borgoz's ghost (journeyman GrAK)
  7503 | Lair:4   | Killed Borgoz's ghost
  7682 | Lair:5   | Reached skill level 10 in Shields
  7763 | Lair:5   | You fall through a shaft!
  7763 | Lair:6   | Entered Level 6 of the Lair of Beasts
  7861 | Lair:6   | Reached skill level 14 in Invocations
  7926 | Lair:6   | HP: 33/112 [spiny frog[a boggart] (14)]
  7927 | Lair:6   | Noticed a catoblepas
  8033 | Lair:6   | Noticed a four-headed hydra
  8040 | Lair:6   | Killed a four-headed hydra
  8040 | Lair:6   | Reached XP level 13. HP: 120/120 MP: 13/13
  8190 | Lair:6   | Found a staircase to the Slime Pits.
  8194 | Lair:6   | Found a viscous altar of Jiyva.
  8216 | Lair:6   | Paralysed by a hornet for 1 turns
  8423 | Lair:6   | Reached skill level 15 in Invocations
  9302 | Lair:5   | Reached ***** piety under Makhleb
  9386 | Lair:5   | Paralysed by a hornet for 3 turns
  9494 | Lair:5   | Identified 2 scrolls of acquirement
  9510 | Lair:5   | Got a pair of scorched boots
  9516 | Lair:5   | Identified the +1 pair of boots of Lethargy {Regen+} (You acquired it on level 5 of the Lair of Beasts)
  9737 | Lair:4   | Found a staircase to the Snake Pit.
 10211 | D:13     | Reached skill level 16 in Invocations
 10572 | D:13     | Gained mutation: You resist negative energy. (rN+) [Deep Dwarf growth]
 10572 | D:13     | Reached XP level 14. HP: 69/130 MP: 16/16
 11006 | D:14     | Reached skill level 15 in Axes
 11017 | D:14     | Found a gate to the Vaults.
 11044 | D:14     | HP: 47/130 [two-headed ogre/giant club (9)]
 11096 | D:14     | HP: 46/130 [skeletal warrior/halberd of protection[a skeletal warrior] (18)]
 11098 | D:14     | HP: 21/130 [skeletal warrior/long sword[a skeletal warrior] (10)]
 11112 | D:14     | HP: 51/130 [skeletal warrior/long sword[a skeletal warrior] (4)]
 11120 | D:14     | HP: 47/130 [skeletal warrior/trident[a skeletal warrior] (7)]
 11173 | D:15     | Entered Level 15 of the Dungeon
 11185 | D:15     | HP: 52/130 [wolf spider zombie (2)]
 11247 | D:15     | HP: 51/130 [electric eel/bolt of electricity (9)]
 11286 | D:15     | HP: 47/130 [centaur warrior/arrow (15)]
 11329 | D:15     | HP: 25/130 [very large slime creature (44)]
 11330 | D:15     | HP: 7/130 [very large slime creature (18)]
 11331 | D:15     | Demolished by a very large slime creature

Vault maps used:
D:1:      dpeg_arrival_yet_another_circle, minmay_shallow_snake_nest
D:2:      first_ration, minmay_misc_feat_plants, uniq_terence
D:3:      lemuel_round_altar
D:4:      lemuel_crystal_altar, gammafunk_temple_overflow_arena,
          minmay_temple_entry_overgrown, serial_shops, shop,
          hangedman_decor_push
D:5:      gammafunk_temple_overflow_wave, uniq_prince_ribbit1, uniq_sigmund
D:6:      serial_undead, serial_undead_f, serial_undead_d, serial_undead_f,
          serial_undead_c
D:7:      nicolae_overflow_hidden_temple, minmay_misc_feat_pillars,
          elyvilon_altar_4, uniq_pikel
D:8:      lair_entry_dummy, uniq_maurice
D:9:      tgw_trog, lemuel_coloured_pillars_altar,
          nicolae_overflow_crystal_walls
D:11:     orc_0_dummy, lab_entry_generic, grunt_livestock, uniq_snorg
D:12:     uniq_azrael
D:14:     erik_vaults_1, minmay_liquid_box, serial_bayou_lagoon_a
D:15:     hangedman_depths_entry_try_elsewhere_first
Temple:   compressed_dpeg_triangle_lava_temple
Lair:1:   portal_ice_cave_entry_ice_beasts
Lair:2:   hibernation_bobbens, serial_bayou_shore_a
Lair:3:   beast_lair_carwin_1, serial_bayou_shore_b, uniq_gastronok
Lair:4:   minmay_shoals_entry_centaurs, guppyfry_snake_entry_garden,
          grunt_forest_large_clearings, minmay_lair_oklob_chamber
Lair:5:   cheibrodos_lair_overgrown_chateau
Lair:6:   minmay_lair_end_enchanted_forest, slime_altar_1

Skill      XL: |  1  2  3  4  5  6  7  8  9 10 11 12 13 14 |
---------------+-------------------------------------------+-----
Axes           | 3 4 5 6 7 9 10 12 13 14 15 | 15.2
Fighting       | 3 4 5 6 7 8 9 |  9.9
Armour         | 4 5 |  5.7
Shields        | 4 5 6 7 8 9 10 11 | 11.5
Invocations    | 3 6 8 10 12 14 16 | 16.6
Evocations     | 2 4 5 |  5.0
Dodging        | 4 |  4.0

Action                   |  1- 3 |  4- 6 |  7- 9 | 10-12 | 13-15 || total
-------------------------+-------+-------+-------+-------+-------++-------
Melee: War axe           |    83 |   115 |   391 |   658 |   247 ||  1494
       Broad axe         |       |       |       |       |   287 ||   287
Invok: Lesser Servant of |       |       |       |    17 |    14 ||    31
 Abil: Heal Wounds       |       |    10 |     8 |    25 |     6 ||    49
Evoke: Wand              |       |       |     2 |    19 |     6 ||    27
       Phantom mirror    |       |       |       |     1 |       ||     1
  Use: Scroll            |       |     1 |     3 |     6 |    12 ||    22
       Potion            |       |       |       |     1 |       ||     1
 Stab: Distracted        |       |       |       |     5 |     1 ||     6
  Eat: Chunk             |       |     1 |    14 |    18 |    10 ||    43
       Ration            |       |       |     1 |     1 |     1 ||     3
Armor: Scale mail        |    11 |       |       |       |       ||    11
       Plate armour      |    53 |    46 |   204 |   292 |   228 ||   823
Dodge: Dodged            |    10 |    21 |    75 |   189 |   188 ||   483
Block: Shield            |    46 |    68 |   204 |   457 |   351 ||  1126

Table legend:
 A = Spawn XP
 B = Non-spawn XP
 C = Spawn XP percentage of total XP
 D = Spawn monster count
 E = Non-spawn monster count
 F = Spawn count percentage of total count
 G = Total turns spent on level
                    A         B        C        D         E        F      G
               +---------+---------+-------+---------+---------+-------+---------
         Total |       0 |   76878 |   0.0 |       0 |     461 |   0.0 | 11331
               +---------+---------+-------+---------+---------+-------+---------
           D:1 |       0 |      14 |   0.0 |       0 |       9 |   0.0 |   166
           D:2 |       0 |      11 |   0.0 |       0 |       8 |   0.0 |   315
           D:3 |       0 |      33 |   0.0 |       0 |       9 |   0.0 |   206
           D:4 |       0 |     610 |   0.0 |       0 |      15 |   0.0 |   649
           D:5 |       0 |     299 |   0.0 |       0 |       8 |   0.0 |   340
           D:6 |       0 |     583 |   0.0 |       0 |      16 |   0.0 |   259
           D:7 |       0 |     904 |   0.0 |       0 |       9 |   0.0 |   346
           D:8 |       0 |     760 |   0.0 |       0 |       9 |   0.0 |   326
           D:9 |       0 |    1662 |   0.0 |       0 |      13 |   0.0 |   520
          D:10 |       0 |     989 |   0.0 |       0 |      23 |   0.0 |   608
          D:11 |       0 |    5184 |   0.0 |       0 |      48 |   0.0 |   885
          D:12 |       0 |    4366 |   0.0 |       0 |      25 |   0.0 |   537
          D:13 |       0 |    6073 |   0.0 |       0 |      41 |   0.0 |   775
          D:14 |       0 |    7239 |   0.0 |       0 |      15 |   0.0 |   247
          D:15 |       0 |    4005 |   0.0 |       0 |      13 |   0.0 |   158
        Lair:1 |       0 |    3570 |   0.0 |       0 |      20 |   0.0 |   769
        Lair:2 |       0 |    4496 |   0.0 |       0 |      14 |   0.0 |   812
        Lair:3 |       0 |    4086 |   0.0 |       0 |      18 |   0.0 |   828
        Lair:4 |       0 |    9372 |   0.0 |       0 |      40 |   0.0 |   441
        Lair:5 |       0 |    6399 |   0.0 |       0 |      30 |   0.0 |   683
        Lair:6 |       0 |   16223 |   0.0 |       0 |      78 |   0.0 |  1384
               +---------+---------+-------+---------+---------+-------+---------
